 Dungeon Crawl Stone Soup version 0.27-a0-1332-g84bddb5ca7 (webtiles) character file.

Game seed: 14213152099434803425

37 freelancePsychic the Magician (level 3, -2/25 HPs)
             Began as a Djinni Wanderer on June 25, 2021.
             Slain by Terence (12 damage)
             ... on level 2 of the Dungeon.
             The game lasted 00:03:21 (1833 turns).

freelancePsychic the Magician (Djinni Wanderer)     Turns: 1833, Time: 00:03:22

Health: -2/25      AC:  9    Str: 10    XL:     3   Next: 60%
Gold:   9          EV:  8    Int: 15    God:
                   SH:  0    Dex: 12

rFire    + + .     SeeInvis .   c - +0 dagger (venom)
rCold    x . .     Faith    .   (no shield)
rNeg     . . .     Spirit   .   b - +3 scale mail
rPois    ∞         Reflect  .   (no helmet)
rElec    .         Harm     .   (no cloak)
rCorr    .         Rampage  .   (no gloves)
Will     .....                  (boots unavailable)
Stlth    ..........             (no amulet)
HPRegen  0.08/turn              (no ring)
MPRegen  0.00/turn              (no ring)

@: flying
A: sickness immunity, fire resistance 2, cold vulnerability 1, float, innate
caster, hp casting, extra vitality 1
a: no special abilities


You were on level 2 of the Dungeon.
You visited 1 branch of the dungeon, and saw 2 of its levels.

You collected 9 gold pieces.

Inventory:

Hand Weapons
 c - a +0 dagger of venom (weapon)
Armour
 b - a +3 scale mail (worn)
Magical Staves
 d - a staff of poison


   Skills:
 - Level 1.5 Crossbows
 - Level 1.0 Throwing
 + Level 1.9 Armour
 - Level 1.0 Shields
 * Level 4.6 Spellcasting


You had 2 spell levels left.
You knew the following spells:

 Your Spells              Type           Power      Damage    Failure   Level
a - Freeze                Ice            68%        1d8       17%         1
b - Corona                Hex            18%        N/A       17%         1
c - Ozocubu's Armour      Ice            17%        N/A       45%         3
d - Summon Guardian Gole  Hex/Summ       17%        N/A       45%         3
e - Summon Small Mammal   Summ           68%        N/A       17%         1

Your spell library contained the following spells:

 Spells                   Type           Power      Damage    Failure   Level


Dungeon Overview and Level Annotations

Branches:
Dungeon (2/15)

Altars:

Annotations:
D:2 Terence


Innate Abilities, Weirdness & Mutations

You are immune to sickness and miasma.
You are immune to poison.
Your flesh is very heat resistant. (rF++)
You are vulnerable to cold. (rC-)
You float through the air rather than walking.
You learn spells naturally, not from books.
Your magical power is your life essence.
You have superior vitality. (+4 HP)


Message History

You hit the jackal.
The jackal is poisoned.
The jackal is severely wounded.
The jackal bites you but does no damage. x2
You hit the jackal.
You kill the jackal!
No target in view!
No target in view!
No target in view!
No target in view!
No target in view!
No target in view!
No target in view!
No target in view!
No target in view!
No target in view!
No target in view!
HP restored.
You see here a bat corpse.
a - a scroll labelled WOXZEOFIGA
e - a scroll labelled BIAMEO KODY
As you read the scroll labelled WOXZEOFIGA, it crumbles to dust.
You feel aware of your surroundings.
It was a scroll of magic mapping.
Terence the Incautious comes into view.
He is wielding a +0 hand axe and wearing a +2 ring mail of poison resistance.
You aren't carrying any items that you can evoke.
As you read the scroll labelled BIAMEO KODY, it crumbles to dust.
It is a scroll of enchant armour.
Your +2 scale mail glows green for a moment.
Terence drinks a potion.
Terence goes berserk!
You hear an angry hiss.
Terence hits you with a +0 hand axe.
Terence rages.
Terence hits you but does no damage. Terence hits you with a +0 hand axe.
Terence barely misses you. Terence hits you with a +0 hand axe.
You see here a jackal corpse.
Terence rages.
Terence hits you with a +0 hand axe. Terence hits you with a +0 hand axe!
You die...

****#.#..,....#.#*
*#.#,#.#.###.....#
*...,,.....#.....##
*#.#*+*#.#.#...#...
###*..#,,,#...........
#######.###.+,,,+.#.........
*****#.....<.....#,,,#...........
,,,,...#####.#.#.##+##.#####.....
,****,,** ###..@@..†...# ####..
,****,,,* ###.#.#†#.### #..
,**,,,,,* #####.....## #..
,**,*,,,* #.†.....# #..
,**>*,******#**** #.......# #..
,,,,,,* *,,,....###.......# #..
***,*** *,,,..............#***#..
*,* *,,,....###.....#....,... *,*
*,,,..,,* #..........,,,,


You could see Terence (berserk).

Vanquished Creatures
  2 ball pythons (D:2)
  3 bats
  3 endoplasms (D:1)
  3 goblins (D:1)
  12 jackals
  A frilled lizard (D:1)
  4 kobolds (D:1)
  2 rats (D:1)
30 creatures vanquished.

Notes
Turn   | Place    | Note
-------+----------+-------------------------------------------
     0 | D:1      | freelancePsychic the Djinni Wanderer began the quest for
                  | the Orb.
     0 | D:1      | Reached XP level 1. HP: 15/15 MP: 0/0
   574 | D:1      | Reached XP level 2. HP: 17/21 MP: 0/0
  1153 | D:1      | Found a faded altar of an unknown god.
  1227 | D:1      | Reached XP level 3. HP: 23/25 MP: 0/0
  1227 | D:1      | Learned a level 1 spell: Summon Small Mammal
  1813 | D:2      | Noticed Terence
  1833 | D:2      | Slain by Terence

Illustrated notes

Levels and vault maps discovered:
D:1:      tarquinn_simple_flora_water_d, layout_loops_cross,
          chequers_ecumenical_altar_simple, minmay_misc_feat_four_crosses
D:2:      layout_loops_cross, minmay_misc_feat_doors, uniq_terence, uniq_sigmund

Action                   || total
-------------------------++-------
Melee: Dagger            ||    67
 Cast: Corona            ||     2
       Freeze            ||    25
  Use: Potion            ||     1
       Scroll            ||     2
Armor: Scale mail        ||    70
Dodge: Dodged            ||    59

Table legend: (Time is in decaauts)
 A = Elapsed time spent in this place.
 B = Non-inter-level travel time spent in this place.
 C = Inter-level travel time spent in this place.
 D = Time resting spent in this place.
 E = Time spent auto-exploring this place.
 F = Levels seen in this place.
 G = Mean time per level.
                   A        B        C        D        E       F      G
               +--------+--------+--------+--------+--------+-----+--------+
         Total |   1832 |   1755 |     77 |    525 |    959 |   2 |  916.0 |
       Dungeon |   1832 |   1755 |     77 |    525 |    959 |   2 |  916.0 |
               +--------+--------+--------+--------+--------+-----+--------+

Top non-repeatable levels by time:
     D:1: 1690 daAuts
     D:2: 141 daAuts
